 Dungeon Crawl Stone Soup version 0.20.1-1-g8b1a95d (webtiles) character file.

2963 aspa the Thaumaturge (level 9, -3/51 HPs)
             Began as an Octopode Wizard on Sept 13, 2017.
             Was a Believer of Sif Muna.
             Slain by a killer bee (10 damage)
             ... on level 8 of the Dungeon.
             The game lasted 00:42:01 (9092 turns).

aspa the Thaumaturge (Octopode Wizard)              Turns: 9092, Time: 00:42:02

Health: -3/51      AC:  1    Str:  7    XL:     9   Next: 81%
Magic:  1/24       EV: 13    Int: 23    God:    Sif Muna [**....]
Gold:   656        SH:  0    Dex: 10    Spells: 18/31 levels left

rFire    . . .     SeeInvis .   p - +0 spear
rCold    . . .     Gourm    .   (no shield)
rNeg     . . .     Faith    .   a - +0 hat
rPois    .         Spirit   .   (no amulet)
rElec    +         Reflect  .   (no ring)
rCorr    .         Harm     .   v - ring of wizardry
MR       .....                  (no ring)
Stlth    +++.......             (no ring)
Regen    0.6/turn               (no ring)
MPRegen  0.2/turn               (no ring)
                                (no ring)
                                (no ring)

@: hasted, drained, very quick
A: almost no armour, stealthy swim, amphibious, 8 rings, constrict 8, tentacle
spike 1, camouflage 1, regeneration 1, electricity resistance, gelatinous body 1
a: Divine Energy, Renounce Religion


You were on level 8 of the Dungeon.
You worshipped Sif Muna.
Sif Muna was pleased with you.
You were hungry.

You visited 2 branches of the dungeon, and saw 10 of its levels.

You collected 656 gold pieces.

Inventory:

Hand Weapons
 b - a +0 whip of flaming
 p - a +0 spear (weapon)
 s - a +2 flail of holy wrath
 u - a cursed +0 whip
Armour
 a - a +0 hat (worn)
Jewellery
 e - an uncursed ring of fire
 h - an uncursed ring of fire
 l - an uncursed amulet of harm
 v - a ring of wizardry (right tentacle)
Wands
 x - a wand of flame (19/48)
Scrolls
 g - a scroll of vulnerability {unknown}
 o - 2 scrolls of remove curse
 q - 2 scrolls of immolation {unknown}
 r - a scroll of teleportation {unknown}
 w - 2 scrolls of identify
 y - 2 scrolls of enchant weapon {unknown}
 A - a scroll of enchant armour {unknown}
 B - a scroll of random uselessness {unknown}
 C - a scroll of fog
Potions
 f - 4 potions of heal wounds {unknown}
 i - 3 potions of magic {unknown}
 k - 3 potions of lignification {unknown}
 m - a potion of cancellation {unknown}
 n - 6 potions of agility
 t - a potion of berserk rage {unknown}
 z - a potion of invisibility {unknown}
Comestibles
 c - a bread ration
 D - a royal jelly


   Skills:
 - Level 2.0(1.7) Dodging
 - Level 2.6(2.3) Stealth
 + Level 11.5(11.2) Spellcasting
 - Level 4.7(4.4) Conjurations
 - Level 1.0(0.7) Summonings
 - Level 1.0(0.7) Translocations


You had 18 spell levels left.
You knew the following spells:

 Your Spells              Type           Power        Failure   Level  Hunger
a - Magic Dart            Conj           ####         1%          1    None
b - Call Imp              Summ           ###.....     2%          2    None
c - Mephitic Cloud        Conj/Pois/Air  ###.....     3%          3    None
d - Blink                 Tloc           N/A          2%          2    None
e - Slow                  Hex            ##......     3%          2    None
f - Conjure Flame         Conj/Fire      ###.....     2%          3    None


Dungeon Overview and Level Annotations

Branches:
Dungeon (9/15)             Temple (1/1) D:5
   Lair: D:8-11         Orc: D:9-12

Altars:
Ashenzari
Cheibriados
Dithmenos
Elyvilon
Fedhas
Gozag
Hepliaklqana
Kikubaaqudgha
Makhleb
Nemelex Xobeh
Okawaru
Ru
Sif Muna
Trog
Uskayaw
Vehumet
Xom
Zin
The Shining One


Innate Abilities, Weirdness & Mutations

You cannot wear most types of armour.
You are very stealthy in the water. (Stealth+)
You are amphibious.
You can wear up to eight rings at the same time.
You can use your tentacles to constrict eight enemies at once.
Your skin changes colour to match your surroundings (Stealth+).
Your rubbery body absorbs attacks. (AC +1, EV +1)
One of your tentacles bears a spike.
Your natural rate of healing is unusually fast.
You are resistant to electric shocks. (rElec)


Message History

You see here a killer bee corpse.
You closely miss the killer bee. Your grab misses the killer bee.
Your tentacle spike misses the killer bee.
Your squeeze misses the killer bee.
The killer bee is moderately wounded.
The killer bee closely misses you. The killer bee misses you.
An orc wizard comes into view. It is wielding a dagger.
You miss the killer bee. Your grab misses the killer bee.
The killer bee is moderately wounded.
The killer bee closely misses you. The killer bee stings you!
* * * LOW HITPOINT WARNING * * *
You feel yourself speed up.
The killer bee stings you but does no damage.
The killer bee stings you!
* * * LOW HITPOINT WARNING * * *
Casting: Call Imp
Confirm with . or Enter, or press ? or * to list all spells.
A beastly little devil appears in a puff of flame.
The killer bee stings you!
You die...

#..........#
#..........#
###)).......#
..o.o...).#
#...†## ###...###
#########.(5.##
##.......###y..#
##..........@#..#
#.......†....##.#
#<...........# ##
#............#
#[...........#
##...........#
#...........#
##.>.......##
#.(.......#


You could see a killer bee and a friendly crimson imp.

Vanquished Creatures
  Pikel (D:5)
  Menkaure (D:5)
  An orc warrior (D:6)
  A sky beast (D:5)
  2 ice beasts
  2 ogres
  A big kobold (D:7)
  Blork the orc (D:6)
  2 bullfrogs
  5 scorpions
  A killer bee (D:8)
  2 howler monkeys
  2 crimson imps
  A jelly (D:6)
  4 orc priests
  9 orc wizards
  An iguana (D:8)
  A worker ant (D:5)
  A worker ant zombie (D:8)
  3 gnolls (D:7)
  8 adders
  4 shadow imps
  An ooze (D:1)
  An adder skeleton (D:4)
  6 worms
  11 dart slugs
  4 leopard geckos
  28 orcs
  10 bats
  5 giant cockroaches
  11 goblins
  14 hobgoblins
  4 jackals
  2 ball pythons
  2 frilled lizards
  14 kobolds
  A leopard gecko skeleton (D:4)
  2 quokka skeletons
  14 rats
184 creatures vanquished.

Vanquished Creatures (collateral kills)
  Grinder (D:4)
  Sigmund (D:3)
  Eustachio (D:4)
  A howler monkey (D:4)
  A hound (D:5)
  2 adders (D:2)
  A worm (D:3)
  3 orcs
11 creatures vanquished.

Grand Total: 195 creatures vanquished

Notes
Turn   | Place    | Note
-------+----------+-------------------------------------------
     0 | D:1      | aspa the Octopode Wizard began the quest for the Orb.
     0 | D:1      | Reached XP level 1. HP: 11/11 MP: 4/4
   606 | D:1      | Reached XP level 2. HP: 17/17 MP: 1/6
   610 | D:1      | Learned a level 2 spell: Call Imp
   938 | D:1      | Reached XP level 3. HP: 21/21 MP: 1/8
   943 | D:1      | Learned a level 3 spell: Mephitic Cloud
   946 | D:1      | Learned a level 2 spell: Blink
  1325 | D:2      | Reached skill level 4 in Spellcasting
  1659 | D:2      | Reached XP level 4. HP: 27/27 MP: 7/10
  1695 | D:2      | Found a hazy altar of Hepliaklqana.
  1697 | D:2      | Found an iron altar of Okawaru.
  1760 | D:2      | Learned a level 3 spell: Conjure Flame
  2134 | D:3      | Found a glowing golden altar of the Shining One.
  2812 | D:3      | Found a sacrificial altar of Ru.
  2971 | D:3      | Reached XP level 5. HP: 31/31 MP: 3/11
  3005 | D:3      | Learned a level 2 spell: Slow
  3020 | D:3      | Noticed Sigmund
  3790 | D:3      | Killed Sigmund
  3790 | D:3      | Reached skill level 5 in Spellcasting
  3790 | D:3      | Reached XP level 6. HP: 36/36 MP: 0/13
  4054 | D:4      | Reached XP level 7. HP: 22/41 MP: 0/15
  4283 | D:4      | Noticed Grinder
  4284 | D:4      | Paralysed by Grinder for 3 turns
  4305 | D:4      | Reached skill level 6 in Spellcasting
  4331 | D:5      | Entered Level 5 of the Dungeon
  4335 | D:4      | Paralysed by Grinder for 7 turns
  4362 | D:4      | Paralysed by Grinder for 4 turns
  4363 | D:4      | Killed Grinder
  4503 | D:4      | Noticed Eustachio
  4518 | D:5      | Noticed Pikel
  4585 | D:4      | Killed Eustachio
  4851 | D:3      | Reached skill level 7 in Spellcasting
  5043 | D:4      | Reached XP level 8. HP: 46/46 MP: 2/19
  5569 | D:5      | Gained mutation: You are resistant to electric shocks. (rElec) [mutagenic meat]
  5570 | D:5      | Gained mutation: Your natural rate of healing is unusually fast. [mutagenic meat]
  5571 | D:5      | Gained mutation: One of your tentacles bears a spike. [mutagenic meat]
  5705 | D:5      | Noticed Menkaure
  5722 | D:5      | Killed Menkaure
  5722 | D:5      | Reached skill level 8 in Spellcasting
  5892 | D:5      | Found a staircase to the Ecumenical Temple.
  6183 | D:6      | Found a hide-covered altar of Uskayaw.
  6250 | D:6      | Found a shattered altar of Ashenzari.
  6250 | D:6      | Found a sparkling altar of Nemelex Xobeh.
  6284 | D:6      | Reached skill level 9 in Spellcasting
  6467 | D:6      | Noticed Blork the orc
  6478 | Temple   | Entered the Ecumenical Temple
  6704 | Temple   | Became a worshipper of Sif Muna the Loreminder
  7142 | D:5      | Killed Pikel
  7142 | D:5      | Reached skill level 10 in Spellcasting
  7142 | D:5      | Reached XP level 9. HP: 51/51 MP: 18/23
  7348 | D:6      | Reached * piety under Sif Muna
  7509 | D:6      | Killed Blork the orc
  8107 | D:7      | Found a sacrificial altar of Ru.
  8499 | D:7      | Reached skill level 11 in Spellcasting
  8507 | D:7      | Found a radiant altar of Vehumet.
  9024 | D:8      | Reached ** piety under Sif Muna
  9092 | D:8      | Slain by a killer bee

Skill      XL: |  1  2  3  4  5  6  7  8  9 |
---------------+----------------------------+-----
Spellcasting   | 4 5 7 10 11 | 11.5
Conjurations   | 2 3 4 |  4.7
Dodging        | |  2.0
Stealth        | |  2.6
Summonings     | |  1.0
Translocations | |  1.0

Action                   |  1- 3 |  4- 6 |  7- 9 || total
-------------------------+-------+-------+-------++-------
Melee: Unarmed           |    30 |     8 |       ||    38
       Constrict         |     9 |    23 |    33 ||    65
       Tentacles         |     6 |     6 |    23 ||    35
       Spear             |       |    59 |   160 ||   219
       Kick              |       |       |    27 ||    27
 Cast: Magic Dart        |    65 |   122 |   280 ||   467
       Call Imp          |     1 |     3 |    21 ||    25
       Mephitic Cloud    |       |     5 |    40 ||    45
       Conjure Flame     |       |       |    18 ||    18
       Blink             |       |       |     9 ||     9
Evoke: Wand              |       |       |     1 ||     1
  Use: Scroll            |     3 |     1 |     2 ||     6
       Potion            |       |     1 |     3 ||     4
 Stab: Sleeping          |     3 |    11 |       ||    14
       Confused          |       |     2 |     2 ||     4
       Distracted        |       |       |     2 ||     2
  Eat: Chunk             |     2 |     7 |    10 ||    19
       Bread ration      |       |       |     2 ||     2
Armor: Skin              |     8 |     6 |    15 ||    29
Dodge: Dodged            |    24 |    28 |    79 ||   131
